 Dungeon Crawl Stone Soup version 0.14-a0-1546-g4b4961f (webtiles) character file.

1120 M4edhros the Charlatan (level 8, 0/46 HPs)
             Began as an Octopode Chaos Knight on Dec 19, 2013.
             Was a Plaything of Xom.
             Slain by Eustachio
             ... wielding a +3,+2 cutlass of chaos
              (3 damage)
             ... on Level 5 of the Dungeon.
             The game lasted 00:09:58 (5568 turns).

M4edhros the Charlatan (Octopode Chaos Knight)      Turns: 5568, Time: 00:09:58

HP   0/46        AC  1     Str 12      XL: 8   Next: 17%
MP  17/17        EV  9     Int 16      God: Xom
Gold 143         SH 13     Dex 11      Spells:  0 memorised,  7 levels left

rFire  + . .     SeeInvis +     s - +0,+2 orc trident
rCold  . . .     Clarity  +     f - +0 shield
rNeg   . . .     Conserve .     (helmet restricted)
rPois  .         rCorr    .     m - amulet of rage
rElec  .         rRot     .     k - cursed -2 ring of evasion
SustAb . .       Spirit   .     h - ring of protection from fire
rMut   .         Warding  .     t - ring of see invisible
Saprov . . .     Stasis   .     (no ring)
                                (no ring)
                                (no ring)
                                (no ring)
                                (no ring)

@: very slightly contaminated, hasted, very quick, slightly resistant to hostile
enchantments, fairly stealthy
A: almost no armour, amphibious, 8 rings, constrict 8, camouflage 1, clarity,
frail 1, high mp 1, regeneration 1, gelatinous body 1
a: Renounce Religion, Evoke Berserk Rage


You were on level 5 of the Dungeon.
You worshipped Xom.
You were a special plaything of Xom.
You were hungry.

You visited 1 branch of the dungeon, and saw 5 of its levels.

You collected 278 gold pieces.
You spent 135 gold pieces at shops.

Inventory:

Hand weapons
 a - a +0,+0 spear of chaos
 s - a +0,+2 orcish trident (weapon)
Armour
 f - a +0 shield (worn)
Comestibles
 c - 4 bread rations
 j - a choko
Scrolls
 b - a scroll of magic mapping
 e - a scroll of recharging {unknown}
 l - a scroll of enchant armour
 o - 7 scrolls of remove curse
Jewellery
 h - a ring of protection from fire (right tentacle)
 k - a cursed -2 ring of evasion (left tentacle)
 m - an amulet of rage (around mantle)
 t - a ring of see invisible (on tentacle)
Potions
 d - a potion of agility
 g - a potion of brilliance
 p - a potion of paralysis


   Skills:
 - Level 3.0 Fighting
 - Level 6.2 Polearms
 + Level 5.2 Dodging
 - Level 6.5 Evocations


You had 7 spell levels left.
You didn't know any spells.

Dungeon Overview and Level Annotations

Branches:
Dungeon (5/16)             Temple (0/1) D:4

Altars:
Makhleb
Okawaru
Trog
Zin

Shops:
D:5 [}(

Annotations:
D:5 Dowan, Duvessa, Eustachio


Innate Abilities, Weirdness & Mutations

You cannot wear most types of armour.
You are amphibious.
You can wear up to eight rings at the same time.
You can use your tentacles to constrict many enemies at once.
Your skin changes colour to match your surroundings (Stlth).
Your rubbery body absorbs attacks (AC +1).
You possess an exceptional clarity of mind.
You are frail (-10% HP).
You have an increased reservoir of magic (+10% MP).
Your natural rate of healing is unusually fast.


Message History

You assume a fearsome visage.
Eustachio looks frightened!
The white imp is unaffected.
The quasit is unaffected.
You constrict Eustachio. The quasit completely misses you.
You block the quasit's attack. The quasit misses you.
Eustachio struggles to escape constriction.
Drink which item? (? for menu, Esc to quit)
You feel yourself speed up.
You constrict Eustachio. The quasit bites you.
* * * LOW HITPOINT WARNING * * *
The quasit completely misses you. You block the quasit's attack.
Eustachio struggles to escape constriction.
The quasit bites you but does no damage.
The quasit completely misses you. The quasit claws you.
* * * LOW HITPOINT WARNING * * *
You are very lightly contaminated with residual magic.
Your shield prevents you from hitting Eustachio.
Eustachio is heavily wounded.
You constrict Eustachio.
Eustachio hits you with a cutlass of chaos.
You die...
Xom snickers!

#.# #... #.# ..
#... #..
...#######... #..
..............
#.# #............
#.# #............
#.# #..........##
#.# #......I...#
#@####..........#
#@5.............#
#5......... #.#
#............#
#.#
#............#
#.#
#..%######...#
#.# #...# #...#


You could see Eustachio, a quasit and a white imp.

Vanquished Creatures
  The ghost of mathso the Covered, an average FoFi (D:5)
  An ogre (D:4)
  A giant frog (D:4)
  A yak skeleton (D:4)
  3 crimson imps (D:5)
  An orc priest (D:4)
  3 hounds (D:4)
  An iguana (D:4)
  2 scorpions (D:5)
  2 orc wizards (D:4)
  2 worker ants (D:4)
  4 gnolls
  6 adders
  2 worms (D:2)
  3 oozes
  18 orcs
  5 giant cockroaches
  14 goblins
  9 hobgoblins
  22 jackals
  13 kobolds
  2 quokkas
  2 ball pythons
  14 bats
  4 giant geckos
  7 giant newts
  A giant newt skeleton (D:4)
  A goblin zombie (D:5)
  A kobold skeleton (D:4)
  An orc skeleton (D:4)
  9 rats
156 creatures vanquished.

Vanquished Creatures (others)
  An ooze (D:3)
  A hobgoblin (D:3)
  2 jackals (D:3)
  A kobold (D:3)
5 creatures vanquished.

Grand Total: 161 creatures vanquished

Notes
Turn   | Place    | Note
--------------------------------------------------------------
     0 | D:1      | M4edhros, the Octopode Chaos Knight, began the quest for the Orb.
     0 | D:1      | Reached XP level 1. HP: 16/16 MP: 1/1
    93 | D:1      | Reached XP level 2. HP: 7/21 MP: 2/2
   366 | D:1      | Reached skill level 4 in Polearms
   518 | D:1      | Reached XP level 3. HP: 26/26 MP: 3/3
   649 | D:1      | XOM: silly message
   651 | D:1      | XOM: silly message
  1084 | D:2      | XOM: mild Hex miscast
  1393 | D:2      | XOM: divination: detect creatures
  1434 | D:2      | Reached XP level 4. HP: 27/31 MP: 4/4
  1545 | D:2      | XOM: colour smoke trail
  1650 | D:2      | XOM: cast spell 'Flight'
  1743 | D:2      | Reached skill level 5 in Polearms
  2466 | D:3      | Reached XP level 5. HP: 18/36 MP: 5/5
  3378 | D:3      | XOM: silly message
  3469 | D:4      | Noticed an ogre
  3481 | D:4      | Killed an ogre
  3481 | D:4      | Reached skill level 6 in Polearms
  3481 | D:4      | Reached XP level 6. HP: 11/42 MP: 6/6
  3486 | D:4      | Found a burning altar of Makhleb.
  3598 | D:4      | XOM: harmless Conj miscast
  3611 | D:4      | Found a bloodstained altar of Trog.
  3611 | D:4      | Found an iron altar of Okawaru.
  3611 | D:4      | XOM: 3-stop teleportation journey
  3644 | D:4      | Reached skill level 1 in Evocations
  4003 | D:4      | XOM: give mutations
  4003 | D:4      | Gained mutation: Your natural rate of healing is unusually fast. [Xom's grace]
  4003 | D:4      | Gained mutation: You have an increased reservoir of magic (+10% MP). [Xom's grace]
  4003 | D:4      | Gained mutation: You possess an exceptional clarity of mind. [Xom's grace]
  4119 | D:4      | Reached XP level 7. HP: 38/46 MP: 9/12
  4196 | D:4      | XOM: divination: magic mapping
  4199 | D:4      | Reached skill level 5 in Evocations
  4259 | D:4      | Found a staircase to the Ecumenical Temple.
  4442 | D:4      | XOM: enchant monster (good)
  4564 | D:4      | Found a glowing silver altar of Zin.
  4564 | D:4      | Noticed an angel
  4750 | D:5      | Entered Level 5 of the Dungeon
  4815 | D:5      | Noticed mathso's ghost (average FoFi)
  4824 | D:5      | XOM: give mutation
  4824 | D:5      | Gained mutation: You are frail (-10% HP). [Xom's mischief]
  4832 | D:5      | Noticed Duvessa
  4832 | D:5      | Noticed Dowan
  4857 | D:5      | Found Phamp's Weapon Shop.
  4910 | D:5      | XOM: confuse monster(s)
  4935 | D:5      | Killed mathso's ghost
  4935 | D:5      | Reached XP level 8. HP: 40/46 MP: 17/17
  5068 | D:5      | Found Braucsue's Gadget Shop.
  5162 | D:5      | Reached skill level 5 in Dodging
  5237 | D:5      | XOM: divination: detect creatures
  5500 | D:5      | Found Gakh's Antique Armour Shop.
  5504 | D:5      | Bought a shield for 135 gold pieces
  5557 | D:5      | Noticed Eustachio
  5563 | D:5      | XOM: chaos upgrade
  5568 | D:5      | Slain by Eustachio

Action                   |  1- 3 |  4- 6 |  7- 9 || total
-------------------------+-------+-------+-------++-------
Melee: Spear             |   127 |   121 |       ||   248
       Trident           |       |    82 |   149 ||   231
 Abil: Evoke Berserk Rag |       |       |     1 ||     1
  Use: Potion            |       |    10 |     3 ||    13
       Scroll            |       |    10 |     7 ||    17
 Stab: Confused          |     1 |       |     1 ||     2
       Sleeping          |     4 |     7 |     2 ||    13
       Paralysed         |     1 |       |     1 ||     2
       Petrifying        |     1 |       |       ||     1
       Distracted        |       |     1 |       ||     1
